 Dungeon Sprint DCSS version 0.27-a0-203-gd48b2df3c9 (webtiles) character file.

Game seed: 433759803807545926

13348 mhtbhm the Severer (level 11, -1/171 HPs)
             Began as a Minotaur Fighter on Jan 30, 2021.
             Was the Champion of Okawaru.
             Slain by a vampire knight
             ... wielding a +0 battleaxe
              (2 damage)
             ... in the Dungeon (Sprint VII: "The Pits").
             The game lasted 00:06:38 (2923 turns).

mhtbhm the Severer (Minotaur Fighter)               Turns: 2923, Time: 00:06:39

Health: -1/171     AC: 20    Str: 24    XL:     11   Next: 74%
Magic:  10/10      EV:  9    Int:  5    God:    Okawaru [******]
Gold:   46         SH: 14    Dex: 10    Spells: 10/10 levels left

rFire    + . .     SeeInvis .   a - +1 broad axe (venom)
rCold    . . .     Faith    .   c - +0 kite shield
rNeg     . . .     Spirit   .   b - +3 plate armour
rPois    .         Reflect  .   (helmet restricted)
rElec    .         Harm     .   (no cloak)
rCorr    .         Rampage  .   (no gloves)
Will     .....     NoTele   +   (no boots)
Stlth    ..........             (no amulet)
HPRegen  0.38/turn              o - +3 ring of evasion
MPRegen  0.12/turn              v - ring of protection from fire

@: berserking (expiring), lethally poisoned (-1 -> -22), slowed, constricted
A: retaliatory headbutt, horns 2
a: Renounce Religion, Heroism, Finesse


You were in the Dungeon.
You worshipped Okawaru.
Okawaru was exalted by your worship.
You visited 1 branch You collected 46 gold pieces.

Inventory:

Hand Weapons
 a - a +1 broad axe of venom (weapon)
Missiles
 r - 4 curare-tipped darts (quivered)
Armour
 b - a +3 plate armour (worn)
 c - a +0 kite shield (worn)
Jewellery
 o - a +3 ring of evasion (left hand)
 v - a ring of protection from fire (right hand)
Scrolls
 j - 3 scrolls of blinking
 l - 4 scrolls of remove curse
 m - 5 scrolls of amnesia
 n - a scroll of summoning
 u - a scroll of identify
 w - 2 scrolls of enchant weapon
 x - 4 scrolls of fear
 y - 2 scrolls of fog
Potions
 d - a potion of might
 e - 9 potions of curing
 f - 16 potions of heal wounds
 g - 2 potions of haste
 h - 4 potions of magic
 i - 3 potions of berserk rage
 k - 2 potions of invisibility
 q - 2 potions of resistance
 z - a potion of mutation
 A - a potion of brilliance
Miscellaneous
 s - a tin of tremorstones (2/2)


   Skills:
 + Level 15.8 Fighting
 + Level 19.3 Axes
 + Level 1.4 Throwing
 + Level 15.5 Armour
 + Level 4.5 Dodging
 + Level 1.4 Stealth
 + Level 16.6 Shields
 + Level 1.0 Evocations


You had 10 spell levels left.
You didn't know any spells.
Your spell library was empty.

Dungeon Overview and Level Annotations

Branches:
Dungeon (1/1)

Altars:
Ashenzari
Cheibriados
Dithmenos
Elyvilon
Fedhas
Gozag
Hepliaklqana
Kikubaaqudgha
Makhleb
Nemelex Xobeh
Okawaru
Qazlal
Ru
Sif Muna
Trog
Uskayaw
Vehumet
Wu Jian
Xom
Yredelemnul
Zin
The Shining One
Beogh
Jiyva
Lugonu


Innate Abilities, Weirdness & Mutations

You reflexively headbutt those who attack you in melee.
You have a pair of horns on your head.


Message History

The deep elf high priest shoots an arrow.
The arrow hits you but does no damage.
You slice the sphinx!!
The sphinx looks as sick as possible!
The sphinx is severely wounded.
You closely miss something. You closely miss the naga warrior.
You feel sick. You block the sphinx's attack.
The sphinx hits you but does no damage. You block the sphinx's attack.
The naga warrior spits poison at you. The splash of poison hits you!
You are more poisoned.
* * * LOW HITPOINT WARNING * * *
x2 The naga warrior constricts you.
The naga spits poison at you. The splash of poison hits you.
You are more poisoned.
* * * LOW HITPOINT WARNING * * *
Something hits you!
* * * LOW HITPOINT WARNING * * *
Something bites you.
You die...

#..#....#..#
+..........#
+..........#
#..#....#..#
#..........+
#..........+
###''####''#
###{'####''#########
#.N@H..##...........
#.#)##.##...........
#.#eN .##..#########
# '}:# ##..# #.['
#..# #++##########
+:.#. #..#
........##..# ##+#.
#..# .#......##..#
##..# ........''..#
#..#


You could see a naga warrior (extremely poisoned, catching breath), a sphinx
(extremely poisoned), a deep elf high priest and a naga (catching breath).

Vanquished Creatures
  A hydra (D)
  2 boulder beetles (D)
  Erolcha (D)
  A merfolk avatar (D)
  A large abomination (D)
  A deep troll (D)
  A phantasmal warrior (D)
  An orc knight (D)
  A wolf spider (D)
  An orc sorcerer (D)
  A cyclops (D)
  2 elephants (D)
  A smoke demon (D)
  A gargoyle (D)
  A komodo dragon (D)
  A rime drake (D)
  A guardian mummy (D)
  An ice devil (D)
  A hellwing (D)
  2 hornets (D)
  A tyrant leech (D)
  A merfolk (D)
  A troll (D)
  A blink frog (D)
  An air elemental (D)
  A redback (D)
  A tarantella (D)
  A basilisk (D)
  A small abomination (D)
  A wraith (D)
  A wyvern (D)
  A ynoxinul (D)
  A fire elemental (D)
  A neqoxec (D)
  A steam dragon (D)
  A soldier ant (D)
  A naga (D)
  A floating eye (D)
  A swamp drake (D)
  2 orc warriors (D)
  2 phantoms (D)
  An eye of draining (D)
  An ogre (D)
  A big kobold (D)
  A centaur (D)
  A bullfrog (D)
  An earth elemental (D)
  A scorpion (D)
  A quasit (D)
  An iron imp (D)
  5 orc priests (D)
  3 worker ants (D)
  2 orc wizards (D)
  A mummy (D)
  A gnoll (D)
  An adder (D)
  A river rat (D)
  2 ufetubi (D)
  12 orcs (D)
  A goblin (D)
  A hobgoblin (D)
  2 quokkas (D)
  3 bats (D)
  A kobold (D)
  A rat (D)
92 creatures vanquished.

Vanquished Creatures (others)
  A crimson imp (D)
1 creature vanquished.

Grand Total: 93 creatures vanquished

Notes
Turn   | Place    | Note
-------+----------+-------------------------------------------
     0 | D        | mhtbhm the Minotaur Fighter began the quest for the Orb.
     0 | D        | Reached XP level 1. HP: 19/19 MP: 0/0
    24 | D        | Found a bloodstained altar of Trog.
    24 | D        | Found a shimmering blue altar of Sif Muna.
    24 | D        | Found a viscous altar of Jiyva.
    24 | D        | Found a hazy altar of Hepliaklqana.
    24 | D        | Found an opulent altar of Gozag.
    25 | D        | Found a glowing golden altar of the Shining One.
    25 | D        | Found a glowing silver altar of Zin.
    25 | D        | Found a basalt altar of Yredelemnul.
    25 | D        | Found a shimmering altar of Xom.
    25 | D        | Found an ornate altar of the Wu Jian Council.
    25 | D        | Found a sacrificial altar of Ru.
    25 | D        | Found a stormy altar of Qazlal.
    25 | D        | Found an iron altar of Okawaru.
    25 | D        | Found a sparkling altar of Nemelex Xobeh.
    25 | D        | Found a burning altar of Makhleb.
    25 | D        | Found a blossoming altar of Fedhas.
    25 | D        | Found a white marble altar of Elyvilon.
    25 | D        | Found a shadowy altar of Dithmenos.
    25 | D        | Found a snail-covered altar of Cheibriados.
    27 | D        | Found a radiant altar of Vehumet.
    27 | D        | Found a corrupted altar of Lugonu.
    27 | D        | Found a roughly hewn altar of Beogh.
    28 | D        | Found a hide-covered altar of Uskayaw.
    28 | D        | Found an ancient bone altar of Kikubaaqudgha.
    28 | D        | Found a broken altar of Ashenzari.
    33 | D        | Became a worshipper of Warmaster Okawaru
    74 | D        | Noticed a floating eye
    76 | D        | Paralysed by a floating eye for 4 turns
    80 | D        | Killed a floating eye
    80 | D        | Reached * piety under Okawaru
    81 | D        | Reached skill level 4 in Axes
    81 | D        | Reached XP level 2. HP: 34/34 MP: 1/1
    81 | D        | Reached XP level 3. HP: 39/39 MP: 2/2
    81 | D        | Reached XP level 4. HP: 47/47 MP: 3/3
    95 | D        | Reached XP level 5. HP: 53/53 MP: 4/4
   100 | D        | Reached ** piety under Okawaru
   108 | D        | Reached skill level 5 in Axes
   180 | D        | Noticed an ogre
   188 | D        | Killed an ogre
   189 | D        | Reached skill level 1 in Dodging
   189 | D        | Reached XP level 6. HP: 35/63 MP: 5/5
   195 | D        | Reached skill level 6 in Axes
   345 | D        | Reached skill level 10 in Fighting
   345 | D        | Reached skill level 7 in Axes
   345 | D        | Reached skill level 10 in Armour
   345 | D        | Reached skill level 10 in Shields
   347 | D        | Noticed a blink frog
   361 | D        | Killed a blink frog
   361 | D        | Reached *** piety under Okawaru
   362 | D        | Reached skill level 8 in Axes
   362 | D        | Reached XP level 7. HP: 58/73 MP: 6/6
   427 | D        | Noticed a ynoxinul
   427 | D        | Noticed a cyclops
   439 | D        | Killed a cyclops
   439 | D        | Reached **** piety under Okawaru
   440 | D        | Reached skill level 9 in Axes
   440 | D        | Reached XP level 8. HP: 80/82 MP: 7/7
   447 | D        | Reached skill level 10 in Axes
   558 | D        | Noticed a gargoyle
   564 | D        | Killed a gargoyle
   568 | D        | Reached skill level 11 in Axes
   575 | D        | Noticed a boulder beetle
   577 | D        | Noticed an orc knight
   577 | D        | Noticed a hornet
   592 | D        | Killed a hornet
   592 | D        | Reached ***** piety under Okawaru
   596 | D        | Reached skill level 12 in Axes
   597 | D        | Reached XP level 9. HP: 23/90 MP: 8/8
   597 | D        | Killed an orc knight
   597 | D        | Received a gift from Okawaru
   598 | D        | Reached skill level 13 in Axes
   603 | D        | Killed a boulder beetle
   604 | D        | Reached skill level 14 in Axes
   606 | D        | Noticed Erolcha
   648 | D        | Killed Erolcha
   648 | D        | Received a gift from Okawaru
   649 | D        | Reached skill level 15 in Axes
   649 | D        | Reached XP level 10. HP: 28/101 MP: 9/9
   944 | D        | Noticed a phantasmal warrior
   944 | D        | Noticed a smoke demon
   944 | D        | Noticed an elephant
   950 | D        | Killed a smoke demon
   960 | D        | Killed an elephant
   962 | D        | HP: 1/101 [phantasmal warrior (27)]
   964 | D        | Killed a phantasmal warrior
   965 | D        | Reached skill level 16 in Axes
   965 | D        | Reached skill level 1 in Throwing
  1376 | D        | Reached skill level 1 in Stealth
  1388 | D        | Noticed a boulder beetle
  1395 | D        | Killed a boulder beetle
  1395 | D        | Reached ****** piety under Okawaru
  1396 | D        | Reached skill level 17 in Axes
  1520 | D        | Noticed a merfolk avatar
  1526 | D        | Received a gift from Okawaru
  1535 | D        | Killed a merfolk avatar
  1536 | D        | Reached XP level 11. HP: 60/111 MP: 10/10
  1551 | D        | Got a steaming scale mail {god gift}
  1557 | D        | Identified the +0 scale mail of the Red Skies {rPois rF+
                  | rC- SInv} (Okawaru gifted it to you in the Dungeon)
  1749 | D        | Reached skill level 15 in Shields
  1751 | D        | Reached skill level 18 in Axes
  1767 | D        | Reached skill level 15 in Fighting
  1935 | D        | Noticed an orc sorcerer
  1942 | D        | Killed an orc sorcerer
  2099 | D        | Noticed a seven-headed hydra
  2530 | D        | Killed an 18-headed hydra
  2531 | D        | Reached skill level 19 in Axes
  2845 | D        | Noticed a wolf spider
  2845 | D        | Noticed a deep troll
  2853 | D        | Reached skill level 15 in Armour
  2853 | D        | Killed a wolf spider
  2856 | D        | Killed a deep troll
  2907 | D        | Noticed a large abomination
  2907 | D        | Noticed a naga warrior
  2907 | D        | Noticed a deep elf high priest
  2907 | D        | Noticed a sphinx
  2907 | D        | Noticed a vampire knight
  2914 | D        | Killed a large abomination
  2914 | D        | Paralysed by a sphinx for 5 turns
  2915 | D        | Reached skill level 1 in Evocations
  2923 | D        | HP: 1/171 [something (12)]
  2923 | D        | Slain by a vampire knight

Illustrated notes

Levels and vault maps discovered:
D:        pitsprint [storerooms_1, entrance_room_1, metal_vault_4, armoury_3,
          mini_pit_1, grid_room_1, main_hall_1, silver_pit, the_coven_1,
          the_vestibule_1, steel_vault_2, golden_pit, hallway_of_sentries,
          crystal_vault_4, iron_vault_3, final_vault]

Skill      XL: |  1  2  3  4  5  6  7  8  9 10 11 |
---------------+----------------------------------+-----
Fighting       | 7 9 10 11 13 14 15 | 15.8
Armour         | 6 7 9 10 11 12 14 15 | 15.5
Shields        | 6 7 9 10 11 12 13 14 16 | 16.6
Axes           | 4 5 8 9 12 15 17 19 | 19.3
Dodging        | 1 2 3 4 |  4.5
Throwing       | 1 |  1.4
Stealth        | 1 |  1.4
Evocations     | 1 |  1.0

Action                   |  1- 3 |  4- 6 |  7- 9 | 10-12 || total
-------------------------+-------+-------+-------+-------++-------
Melee: Hand axe          |     3 |    56 |    16 |       ||    75
       Headbutt          |     1 |    11 |    18 |    39 ||    69
       War axe           |     1 |       |    34 |       ||    35
       Broad axe         |       |       |       |   153 ||   153
Throw: Dart              |       |       |     2 |       ||     2
Evoke: Tin of tremorston |       |       |       |     2 ||     2
  Use: Potion            |       |     1 |     1 |     3 ||     5
       Scroll            |       |       |       |     1 ||     1
Armor: Scale mail        |       |     9 |       |       ||     9
       Chain mail        |       |    38 |    19 |       ||    57
       Plate armour      |       |       |     7 |   103 ||   110
Dodge: Dodged            |     2 |    21 |    24 |    78 ||   125
Block: Kite shield       |       |    44 |    43 |   146 ||   233

Table legend: (Time is in decaauts)
 A = Elapsed time spent in this place.
 B = Non-inter-level travel time spent in this place.
 C = Inter-level travel time spent in this place.
 D = Time resting spent in this place.
 E = Time spent auto-exploring this place.
 F = Levels seen in this place.
 G = Mean time per level.
                   A        B        C        D        E       F      G
               +--------+--------+--------+--------+--------+-----+--------+
         Total |   2917 |   2917 |      0 |   1885 |     83 |   1 | 2917.0 |
       Dungeon |   2917 |   2917 |      0 |   1885 |     83 |   1 | 2917.0 |
               +--------+--------+--------+--------+--------+-----+--------+

Top non-repeatable levels by time:
       D: 2917 daAuts
